 Dungeon Crawl Stone Soup version 0.29.1-1-gd02db6906a (webtiles) character file.

Game seed: 5630136351470697443

438 hawla the Firebug (level 7, 0/50 HPs)
             Began as a Meteoran Fire Elementalist on Oct 11, 2022.
             Slain by a gnoll sergeant
             ... wielding a +6 spear of venom
              (9 damage)
             ... on level 5 of the Dungeon.
             The game lasted 00:09:31 (2334 turns).

hawla the Firebug (Meteoran Fire Elementalist)      Turns: 2334, Time: 00:09:32

Health: 0/50       AC:  5    Str: 15    XL:     7   Next: 46%
Magic:  0/13       EV: 13    Int: 21    God:
Gold:   180        SH:  0    Dex: 17    Spells: 6/13 levels left

rFire   + . .      SeeInvis .   t - +1 hammer of Vibesan {vorpal, Str+5 Int+3 Dex+2}
rCold   . . .      Faith    .   (no shield)
rNeg    . . .      Spirit   .   a - +0 robe
rPois   .          Reflect  .   (no helmet)
rElec   .          Harm     .   m - +0 cloak
rCorr   .          Rampage  .   h - +0 pair of gloves
Will    .....                   e - +0 pair of boots
Stlth   +.........              j - amulet of regeneration
HPRegen 0.96/turn               i - ring of protection from fire
MPRegen 0.13/turn               s - ring of flight

@: lethally poisoned (0 -> -8), flying, very slightly contaminated, glowing
A: sense surroundings 1, otherworldly, glowing, explore regen
a: no special abilities


You were on level 5 of the Dungeon.
You visited 1 branch of the dungeon, and saw 5 of its levels.

You collected 180 gold pieces.

Inventory:

Hand Weapons
 t - the +1 hammer of Vibesan (weapon) {vorpal, Str+5 Int+3 Dex+2}
   (You found it on level 3 of the Dungeon)

   It inflicts extra damage upon your enemies.
   Str:       It affects your strength (+5).
   Int:       It affects your intelligence (+3).
   Dex:       It affects your dexterity (+2).
Armour
 a - a +0 robe (worn)
 e - a +0 pair of boots (worn)
 h - a +0 pair of gloves (worn)
 m - a +0 cloak (worn)
Jewellery
 i - a ring of protection from fire (left hand)
 j - an amulet of regeneration (around neck)
 s - a ring of flight (right hand)
 z - a +6 ring of dexterity
 C - a ring of see invisible
Wands
 l - a wand of roots (11)
Scrolls
 n - a scroll of immolation {unknown}
 o - 4 scrolls of identify
 p - a scroll of noise {unknown}
 q - 2 scrolls of vulnerability {unknown}
 r - a scroll of fear {unknown}
 u - a scroll of butterflies {unknown}
 v - a scroll of poison {unknown}
 w - a scroll of summoning {unknown}
 y - a scroll of enchant armour {unknown}
 A - a scroll of blinking {unknown}
 D - a scroll of silence {unknown}
Potions
 b - 2 potions of magic
 c - 3 potions of haste
 d - 3 potions of cancellation {unknown}
 f - 3 potions of curing {unknown}
 g - a potion of invisibility {unknown}
 k - a potion of lignification {unknown}
 x - a potion of flight {unknown}
 B - a potion of heal wounds {unknown}


   Skills:
 + Level 0.3 Fighting
 + Level 0.1 Maces & Flails
 + Level 3.1 Dodging
 - Level 1.4 Stealth
 + Level 3.7 Spellcasting
 + Level 3.6 Conjurations
 + Level 7.7 Fire Magic


You had 6 spell levels left.
You knew the following spells:

 Your Spells              Type           Power      Damage    Failure   Level
a - Foxfire               Conj/Fire      100%       2x1d9     1%          1
b - Scorch                Fire           72%        2d8       1%          2
c - Flame Wave            Conj/Fire      27%        2d9       12%         4

Your spell library contained the following spells:

 Spells                   Type           Power      Damage    Failure   Level
 Conjure Flame            Conj/Fire      27%        6-21      3%          3
 Inner Flame              Hex/Fire       20%        N/A       8%          3
 Static Discharge         Conj/Air       11%        3-5/arc   9%          2
 Beastly Appendage        Tmut           6%         N/A       12%         1
 Sublimation of Blood     Necr           3%         N/A       19%         2
 Wereblood                Tmut           3%         N/A       19%         2
 Spider Form              Tmut/Pois      3%         N/A       36%         3
 Lightning Bolt           Conj/Air       5%         1d17      86%         5
 Summon Hydra             Summ           1%         N/A       100%        7
 Maxwell's Capacitive Co  Air            1%         ∞         100%        8


Dungeon Overview and Level Annotations

Branches:
Dungeon (5/15) Zot: 665
 Temple: D:4-7

Altars:


Innate Abilities, Weirdness & Mutations

You passively map a small area around you.
You are easily found by Zot.
You glow in the dark.
You regain HP and MP as you explore.


Message History

Press: ? - help, Dir - look around, f - activate You miscast Flame Wave.
Nothing appears to happen.
You feel very sick. The gnoll barely misses you.
The gnoll sergeant closely misses you. The scorpion stings you.
Unknown command.
Casting: Flame Wave (quite dangerous; 13% risk of failure)
Confirm with . or Enter, or press ? or * to list all spells.
The spell is quite dangerous to miscast (13% risk of failure)!
Continue anyway?
Casting: Flame Wave (quite dangerous; 13% risk of failure)
Press: ? - help, Dir - look around, f - activate A wave of flame ripples out!
The flame wave engulfs the scorpion.
The scorpion is moderately wounded.
The flame wave engulfs the gnoll.
The gnoll is moderately wounded. (Press . to intensify the flame waves.)
You feel sick.
You hear an angry growl.
You hear a shout!
You hear an angry hiss.
The scorpion stings you. The gnoll hits you with a +0 whip.
The gnoll sergeant closely misses you.
A wave of flame ripples out!
The flame wave engulfs the scorpion!
You kill the scorpion!
The flame wave engulfs the gnoll!
You kill the gnoll!
The flame wave engulfs the gnoll!
The gnoll is severely wounded.
The flame wave engulfs the gnoll sergeant.
The gnoll sergeant is moderately wounded.
You feel sick.
You hear an angry hiss.
The gnoll sergeant hits you from afar with a +6 spear of venom.
You are more poisoned.
Without enough magic to sustain them, the waves of flame dissipate.
* * * LOW HITPOINT WARNING * * *
You feel very sick.
An ufetubus comes into view.
The gnoll hits you with a +0 whip.
* * * LOW HITPOINT WARNING * * *
The gnoll sergeant hits you from afar with a +6 spear of venom!
You die...

* ,, ,
*#............5
, ,
##.............
,
..............
, #....$.......
, ,
#.........., ,
, * , #.....gg.
.* ,, ,
#....g.##....,
* #...@.......
, #...........
, * , ,
#.#....#.... ,
,.. #....# ...
, ... ...... ,.
<.* #.=....., ,
,. #........ *
,, ###.....<#*
,


You could see a gnoll sergeant, 2 gnolls and an ufetubus.

Vanquished Creatures
  2 ogres (D:4)
  A scorpion (D:5)
  An orc priest (D:4)
  Crazy Yiuf (D:3)
  Jessica (D:2)
  Terence (D:3)
  An adder (D:3)
  2 gnolls
  A worm (D:2)
  A dart slug (D:4)
  6 orcs
  9 endoplasms
  4 giant cockroaches
  7 hobgoblins
  3 kobolds
  3 quokkas
  2 ball pythons (D:1)
  3 bats (D:1)
  3 frilled lizards
  8 goblins
  10 rats
70 creatures vanquished.

Vanquished Creatures (collateral kills)
  3 foxfires (D:2)
3 creatures vanquished.

Vanquished Creatures (others)
  115 foxfires
  A fungus (D:2)
  4 plants
120 creatures vanquished.

Grand Total: 193 creatures vanquished

Notes
Turn   | Place    | Note
-------+----------+-------------------------------------------
     0 | D:1      | hawla the Meteoran Fire Elementalist began the quest for
                  | the Orb.
     0 | D:1      | Reached XP level 1. HP: 14/14 MP: 5/5
   151 | D:1      | Reached XP level 2. HP: 20/20 MP: 2/6
   270 | D:1      | Reached skill level 4 in Fire Magic
   349 | D:1      | Reached XP level 3. HP: 19/26 MP: 2/8
   352 | D:1      | Learned a level 2 spell: Scorch
   500 | D:1      | Glimpsed the power of Zot.
   527 | D:2      | Found a faded altar of an unknown god.
   638 | D:2      | Noticed Jessica
   642 | D:2      | Killed Jessica
   643 | D:2      | Reached XP level 4. HP: 33/33 MP: 5/10
   665 | D:2      | Learned a level 4 spell: Flame Wave
   670 | D:2      | Identified the +6 short sword of Generosity {vorpal, *Noise
                  | rF+ Will+ Int+3}
  1100 | D:2      | Glimpsed the power of Zot.
  1150 | D:2      | Glimpsed the power of Zot.
  1165 | D:3      | Reached XP level 5. HP: 38/38 MP: 5/11
  1332 | D:3      | Reached skill level 5 in Fire Magic
  1489 | D:3      | Noticed Terence
  1495 | D:3      | Killed Terence
  1636 | D:3      | Found a runed translucent door.
  1637 | D:3      | Noticed Crazy Yiuf
  1662 | D:3      | Killed Crazy Yiuf
  1667 | D:3      | Identified the +1 hammer of Vibesan {vorpal, Str+5 Int+3
                  | Dex+2}
  1701 | D:3      | Glimpsed the power of Zot.
  1714 | D:4      | Noticed an ogre
  1719 | D:4      | Killed an ogre
  1720 | D:4      | Reached skill level 6 in Fire Magic
  1720 | D:4      | Reached XP level 6. HP: 45/45 MP: 6/12
  1986 | D:4      | Noticed an ogre
  1989 | D:4      | Killed an ogre
  1990 | D:4      | Reached skill level 7 in Fire Magic
  1990 | D:4      | Reached XP level 7. HP: 50/50 MP: 6/13
  2299 | D:4      | Glimpsed the power of Zot.
  2326 | D:5      | Entered Level 5 of the Dungeon
  2334 | D:5      | Slain by a gnoll sergeant

Illustrated notes

Levels and vault maps discovered:
D:1:      dpeg_arrival_short_road, layout_basic, serial_aquarium,
          aquarium_bridge_square [aquarium_subvault_window,
          aquarium_subvault_bridge, aquarium_subvault_bridge,
          aquarium_subvault_bridge], aquarium_bridge_square
          [aquarium_subvault_bridge, aquarium_subvault_bridge,
          aquarium_subvault_bridge, aquarium_subvault_bridge],
          aquarium_window_corridor_3, aquarium_window_1, aquarium_view_2d,
          aquarium_pool_side
D:2:      minmay_chambers_of_ones, layout_loops_ring,
          dreamdust_ecumenical_altar_grove, uniq_jessica
D:3:      layout_basic, st_stairs_1, uniq_terence, uniq_crazy_yiuf_cottage
D:4:      layout_basic, nicolae_eternal_life, serial_bayou_lagoon_a
D:5:      layout_cave_pools, grunt_temple_overflow_open,
          minmay_temple_entry_junction_2, eino_small_chamber_without_monster,
          uniq_prince_ribbit1, uniq_eustachio, uniq_menkaure

Skill      XL: |  1  2  3  4  5  6 |
---------------+-------------------+-----
Fire Magic     | 4 6 7 |  7.7
Dodging        | 3 |  3.1
Spellcasting   | 3 |  3.7
Conjurations   | 2 3 |  3.6
Fighting       | |  0.3
Maces & Flails | |  0.1
Stealth        | |  1.4

Action                   |  1- 3 |  4- 6 |  7- 9 || total
-------------------------+-------+-------+-------++-------
Melee: Unarmed           |     7 |    15 |       ||    22
       Mace              |       |     6 |       ||     6
       Punch             |       |     2 |       ||     2
 Cast: Foxfire           |    40 |    31 |     2 ||    73
       Scorch            |     5 |    35 |       ||    40
       Flame Wave        |       |       |     1 ||     1
  Use: Scroll            |     1 |       |       ||     1
Armor: Robe              |     5 |     8 |       ||    13
Dodge: Dodged            |    10 |    21 |     3 ||    34
